 Dungeon Crawl Stone Soup version 0.17-a0-1497-g03599f7 (webtiles) character file.

94 Kisielow the Poker (level 4, 0/34 HPs)
             Began as a Merfolk Skald on July 6, 2015.
             Slain by an orc (4 damage)
             ... on level 2 of the Dungeon.
             The game lasted 00:05:04 (2732 turns).

Kisielow the Poker (Merfolk Skald)                  Turns: 2732, Time: 00:05:05

Health: 0/34       AC:  3    Str: 12    XL:     4   Next: 63%
Magic:  6/7        EV: 11    Int: 12    God:
Gold:   89         SH:  4    Dex: 13    Spells: 3 memorised, 1 level left

rFire  . . .     SeeInvis .     a - +0 spear
rCold  . . .     Clarity  .     b - +0 leather armour
rNeg   . . .     SustAt   .     f - +0 buckler
rPois  .         Gourm    .     (no helmet)
rElec  .         Spirit   .     (no cloak)
rCorr  .         Warding  .     (no gloves)
rMut   .         Stasis   .     (no boots)
MR     .....                    (no amulet)
Stlth  +.........               (no ring)
                                m - ring of invisibility

@: very slightly contaminated, starving, invisible (expiring), not resistant to
hostile enchantments, very unstealthy
A: change form in water, swift swim
a: Turn Visible


You were on level 2 of the Dungeon.
You were starving.

You visited 1 branch of the dungeon, and saw 3 of its levels.

You collected 89 gold pieces.

Inventory:

Hand weapons
 a - a +0 spear (weapon)
Armour
 b - a +0 leather armour (worn)
 f - a +0 buckler (worn)
Jewellery
 e - an uncursed ring of ice
 m - a ring of invisibility (left hand)
Scrolls
 g - a scroll of magic mapping {unknown}
 h - 3 scrolls of identify {unknown}
Potions
 k - a potion of poison {unknown}
 l - a potion of flight {unknown}
 n - a potion of haste {unknown}
 p - a potion of magic {unknown}
Books
 c - a book of Battle

   Spells                             Type                      Level
   a - Infusion                       Charms                       1
   b - Shroud of Golubria             Charms/Translocation         2
   c - Song of Slaying                Charms                       2
   d - Spectral Weapon                Hexes/Charms                 3
   e - Regeneration                   Charms/Necromancy            3
Comestibles
 d - 2 bread rations
 i - a beef jerky
 j - a meat ration
 o - a slice of pizza


   Skills:
 + Level 2.5 Fighting
 - Level 6.0 Polearms
 - Level 0.6 Armour
 + Level 2.1 Dodging
 * Level 1.1 Shields
 - Level 2.0 Spellcasting
 - Level 3.2 Charms


You had one spell level left.
You knew the following spells:

 Your Spells              Type           Power        Failure   Level  Hunger
a - Infusion              Chrm           #.....       17%         1    ##.....
q - Regeneration          Chrm/Necr      #.........   82%         3    ####...
w - Shroud of Golubria    Chrm/Tloc      #.........   41%         2    ###....


Dungeon Overview and Level Annotations

Branches:
Dungeon (3/15)

Altars:
Kikubaaqudgha


Message History

You flicker for a moment.
The orc closely misses you.
You barely miss the orc. The orc hits you.
* * * LOW HITPOINT WARNING * * *
You catch the helpless orc completely off-guard!
You hit the orc.
The orc is lightly wounded.
You strike the helpless orc from behind!
You hit the orc.
The orc is moderately wounded.
You feel sick.
You are no longer poisoned.
The orc barely misses you.
You catch the helpless orc completely off-guard!
You hit the orc.
The orc is heavily wounded.
You miss the orc.
The orc is heavily wounded.
The orc hits you.
You die...

........#....# #.# #.#
........#.##.###.######.#
........#.##..##........#
........#.##..##..#######
........#.##...#..#
........#.##......#
........#.####...##
........#.#####.o#
........#.......@#
........##########
........# ........#
........# #########


You could see an orc.

Vanquished Creatures
  6 adders
  3 worms (D:2)
  3 bats
  5 hobgoblins
  2 giant cockroaches (D:1)
  A giant newt (D:2)
  5 goblins
  3 kobolds
  2 quokkas (D:2)
  5 rats
35 creatures vanquished.

Notes
Turn   | Place    | Note
--------------------------------------------------------------
     0 | D:1      | Kisielow the Merfolk Skald began the quest for the Orb.
     0 | D:1      | Reached XP level 1. HP: 16/16 MP: 3/3
   316 | D:1      | Reached skill level 4 in Polearms
   316 | D:1      | Reached XP level 2. HP: 13/22 MP: 5/5
  1170 | D:2      | Reached XP level 3. HP: 24/27 MP: 6/6
  1282 | D:2      | Reached skill level 5 in Polearms
  1400 | D:2      | Learned a level 3 spell: Regeneration
  1403 | D:2      | Learned a level 2 spell: Shroud of Golubria
  1516 | D:2      | Reached skill level 6 in Polearms
  1751 | D:2      | Reached XP level 4. HP: 29/33 MP: 7/7
  1900 | D:2      | Found an ancient bone altar of Kikubaaqudgha.
  2713 | D:3      | Reached skill level 1 in Shields
  2732 | D:2      | Slain by an orc

Vault maps used:
D:1:      minmay_arrival_checkered_box, minmay_misc_feat_nine_boxes
D:2:      old_standard_altar, first_bread, moated_statue
D:3:      vehumet_altar_wand_db, ecumenical_altar_1, hangedman_decor_riveting,
          grunt_ministairs_13, serial_bayou_pond_e

Action                   |  1- 3 |  4- 6 || total
-------------------------+-------+-------++-------
Melee: Spear             |   129 |    57 ||   186
 Abil: Evoke Invisibilit |       |     1 ||     1
  Use: Potion            |     1 |       ||     1
 Stab: Sleeping          |     2 |       ||     2
       Invisible         |       |     3 ||     3
  Eat: Chunk             |     2 |     2 ||     4
